 Dungeon Sprint DCSS version 0.27-a0-1139-g28e009f8a6 (webtiles) character file.

Game seed: 1282415364534668105

424 Zeld the Blocker (level 6, -17/51 HPs)
             Began as an Octopode Fighter on May 7, 2021.
             Was an Initiate of Makhleb.
             Demolished by a slime creature (20 damage)
             ... in the Dungeon (Sprint I: "Red Sonja").
             The game lasted 00:01:03 (1551 turns).

Zeld the Blocker (Octopode Fighter)                 Turns: 1551, Time: 00:01:04

Health: -17/51     AC:  1    Str: 18    XL:     6   Next: 96%
Magic:  6/6        EV: 12    Int: 10    God:    Makhleb [......]
Gold:   302        SH: 11    Dex: 11    Spells: 5/5 levels left

rFire    . . .     SeeInvis .   a - +0 war axe
rCold    . . .     Faith    .   b - +0 kite shield
rNeg     . . .     Spirit   .   (helmet restricted)
rPois    .         Reflect  .   (no amulet)
rElec    .         Harm     .   (no ring)
rCorr    .         Rampage  .   (no ring)
Will     .....     NoTele   +   (no ring)
Stlth    ++........             (no ring)
HPRegen  0.17/turn              (no ring)
MPRegen  0.10/turn              (no ring)
                                (no ring)
                                (no ring)

@: no status effects
A: almost no armour, amphibious, 8 rings, camouflage 1, gelatinous body 1,
(nimble swimmer 1), tentacles
a: Renounce Religion


You were in the Dungeon.
You worshipped Makhleb.
Makhleb was noncommittal.
You visited 1 branch You collected 302 gold pieces.

Inventory:

Hand Weapons
 a - a +0 war axe (weapon)
Armour
 b - a +0 kite shield (worn)
Wands
 j - a wand of polymorph (3)
Scrolls
 i - a scroll of blinking
Potions
 c - a potion of might
 d - a potion of curing
 e - a potion of heal wounds
 f - a potion of haste
 g - 3 potions of magic
 h - a potion of berserk rage


   Skills:
 * Level 8.8 Fighting
 * Level 8.5 Axes
 - Level 3.0 Dodging
 * Level 8.9 Shields


You had 5 spell levels left.
You didn't know any spells.
Your spell library was empty.

Dungeon Overview and Level Annotations

Branches:
Dungeon (1/1)

Altars:
Cheibriados
Dithmenos
Elyvilon
Fedhas
Gozag
Hepliaklqana
Kikubaaqudgha
Makhleb
Nemelex Xobeh
Okawaru
Qazlal
Ru
Sif Muna
Trog
Uskayaw
Vehumet
Wu Jian
Xom
Yredelemnul
Zin
The Shining One
Jiyva
Lugonu

Shops:
D *


Innate Abilities, Weirdness & Mutations

You cannot wear most types of armour.
You are amphibious.
You can wear up to eight rings at the same time.
Your skin changes colour to match your surroundings (Stealth+).
Your rubbery body absorbs attacks. (AC +1, EV +1)
((You are camouflaged near water. (Stealth+)))
You have tentacles for arms and can constrict up to eight enemies at once.


Message History

Your Axes skill increases to level 8!
Your Shields skill increases to level 8!
Found a sparkling altar of Nemelex Xobeh.
You start resting.
You start resting.
HP restored.
You start waiting.
You start waiting.
There is an open door here.
There is a shimmering blue altar of Sif Muna here.
You see here 8 boomerangs.
You see here a +0 pair of gloves.
There is an open door here.
You open the door.
A slime creature comes into view.
Found four altars.
There is an open door here.
Unknown command.
Unknown command.
There is a burning altar of Makhleb here.
The helpless slime creature fails to defend itself.
You hit the slime creature.
The slime creature is lightly wounded.
You block the slime creature's attack.
You hit the slime creature but do no damage.
The slime creature is lightly wounded.
The slime creature hits you!!
You slash the slime creature!
The slime creature is lightly wounded.
You block the slime creature's attack.
You slash the slime creature! You squeeze the slime creature.
The slime creature is heavily wounded.
The slime creature hits you!
* * * LOW HITPOINT WARNING * * *
The slime creature hits you!
* * * LOW HITPOINT WARNING * * *
You curl up in front of the altar of Makhleb.
Makhleb welcomes you! The slime creature hits you!!
You die...

###################
#<.#.))..#.)'..#__#
#..'..#..'..#..'.J+
#..#####'#####'#@_#
#..####..#...#[####
#..#__####..##(#
#..#_____##'#_.+
#⌠⌠#_.∩...'..._#
####_..__##_.#'#
#_____###+#.#
####### ###


You could see a slime creature.

Vanquished Creatures
  Sigmund (D)
  A yak (D)
  An ogre (D)
  A jelly (D)
  Ijyb (D)
5 creatures vanquished.

Vanquished Creatures (others)
  A gargoyle (D)
1 creature vanquished.

Grand Total: 6 creatures vanquished

Notes
Turn   | Place    | Note
-------+----------+-------------------------------------------
     0 | D        | Zeld the Octopode Fighter began the quest for the Orb.
     0 | D        | Reached XP level 1. HP: 16/16 MP: 1/1
     3 | D        | Noticed Ijyb
    10 | D        | Killed Ijyb
    11 | D        | Reached XP level 2. HP: 2/23 MP: 2/2
    11 | D        | Reached XP level 3. HP: 2/27 MP: 3/3
   465 | D        | Noticed an ogre
   472 | D        | Killed an ogre
   473 | D        | Reached skill level 5 in Axes
   473 | D        | Reached XP level 4. HP: 36/36 MP: 4/4
  1012 | D        | Noticed Sigmund
  1018 | D        | Killed Sigmund
  1019 | D        | Reached XP level 5. HP: 10/44 MP: 5/5
  1019 | D        | Reached XP level 6. HP: 11/50 MP: 6/6
  1052 | D        | Killed a gargoyle
  1368 | D        | Found an ornate altar of the Wu Jian Council.
  1368 | D        | Found a shimmering blue altar of Sif Muna.
  1370 | D        | Found a radiant altar of Vehumet.
  1400 | D        | Found Bomam's General Store.
  1400 | D        | Found an ancient bone altar of Kikubaaqudgha.
  1400 | D        | Found a hazy altar of Hepliaklqana.
  1400 | D        | Found a stormy altar of Qazlal.
  1400 | D        | Found a hide-covered altar of Uskayaw.
  1400 | D        | Found a blossoming altar of Fedhas.
  1400 | D        | Found a bloodstained altar of Trog.
  1400 | D        | Found an iron altar of Okawaru.
  1400 | D        | Found a basalt altar of Yredelemnul.
  1400 | D        | Found a glowing golden altar of the Shining One.
  1400 | D        | Found a snail-covered altar of Cheibriados.
  1400 | D        | Found a sacrificial altar of Ru.
  1400 | D        | Found a glowing silver altar of Zin.
  1400 | D        | Found a shadowy altar of Dithmenos.
  1400 | D        | Found a white marble altar of Elyvilon.
  1400 | D        | Noticed a yak
  1401 | D        | Found an opulent altar of Gozag.
  1406 | D        | Killed a yak
  1407 | D        | Found a sparkling altar of Nemelex Xobeh.
  1544 | D        | Found a burning altar of Makhleb.
  1544 | D        | Found a viscous altar of Jiyva.
  1544 | D        | Found a shimmering altar of Xom.
  1544 | D        | Found a corrupted altar of Lugonu.
  1544 | D        | Noticed a slime creature
  1551 | D        | Became a worshipper of Makhleb the Destroyer
  1551 | D        | Demolished by a slime creature

Illustrated notes

Levels and vault maps discovered:
D:        dungeon_sprint_1 [red_sonja_temple_1, red_sonja_temple_small_1]

Skill      XL: |  1  2  3  4  5  6 |
---------------+-------------------+-----
Fighting       | 4 6 7 8 |  8.8
Axes           | 3 5 7 8 |  8.5
Shields        | 4 6 7 8 |  8.9
Dodging        | |  3.0

Action                   |  1- 3 |  4- 6 || total
-------------------------+-------+-------++-------
Melee: War axe           |    11 |    14 ||    25
       Tentacles         |     4 |     2 ||     6
       Constrict         |     1 |     1 ||     2
 Stab: Sleeping          |     1 |     3 ||     4
Dodge: Dodged            |     5 |     2 ||     7
Block: Kite shield       |     4 |     6 ||    10

Table legend: (Time is in decaauts)
 A = Elapsed time spent in this place.
 B = Non-inter-level travel time spent in this place.
 C = Inter-level travel time spent in this place.
 D = Time resting spent in this place.
 E = Time spent auto-exploring this place.
 F = Levels seen in this place.
 G = Mean time per level.
                   A        B        C        D        E       F      G
               +--------+--------+--------+--------+--------+-----+--------+
         Total |   1561 |   1561 |      0 |   1436 |      0 |   1 | 1561.0 |
       Dungeon |   1561 |   1561 |      0 |   1436 |      0 |   1 | 1561.0 |
               +--------+--------+--------+--------+--------+-----+--------+

Top non-repeatable levels by time:
       D: 1561 daAuts
